[Event "CCT Julius Baer-D2 2024"]
[Site "Online"]
[Date "2024.09.27"]
[Round "1.1"]
[White "Vidit, Santosh Gujrathi"]
[Black "Robson, Ray"]
[Result "1/2-1/2"]
[ECO "B89"]
[WhiteElo "2720"]
[BlackElo "2700"]
[Annotator "TA"]
[PlyCount "159"]
[EventDate "2024.09.25"]
[EventType "swiss"]
[EventCountry "NET"]
[SourceTitle "playchess.com"]
[Source "ChessBase"]
[SourceQuality "1"]
[TimeControl "600+2"]

1. e4 c5 2. Nf3 d6 3. d4 cxd4 4. Nxd4 Nf6 5. Nc3 a6 6. Bc4 e6 7. Be3 b5 8. Bb3 Bb7 9. Qe2 Nc6 10. O-O-O Na5 11. e5 Nxb3+ 12. axb3 Nd5 (12... dxe5 $2 13. Nxe6 Qe7 14. Nc5 $18) 13. Nxd5 Bxd5 14. Bf4 g6 (14... dxe5 $1 $11 {keeps the balance.} 15. Bxe5 (15. Qxe5 Qf6 $11) 15... Qg5+ 16. f4 Qxg2 17. Qxg2 Bxg2) 15. Kb1 $16 Bg7 16. exd6 {[%emt 0:00:12] c4 is the strong threat.} O-O 17. Be5 f6 18. Bg3 {[%emt 0:00:08] White is much more active.} e5 {[%emt 0:00:04] [#]} (18... Re8 $16) 19. Nf5 $1 $18 Bxg2 20. Ne7+ Kf7 $2 (20... Kh8) 21. Rhg1 Bb7 22. h4 Re8 23. h5 Rxe7 24. dxe7 Qxe7 25. hxg6+ hxg6 26. Bh4 {[%emt 0:00:02] aiming for Qg4.} g5 27. Qh5+ Kg8 {[%emt 0:00:19] [#]} 28. Bxg5 fxg5 29. Rxg5 Rf8 30. Rdg1 {[%emt 0:00:04][%csl LRe5,LRg7] Threatens to win with Qh6.} Rf7 31. Qh6 (31. Rxe5 Bf3 32. Qh2 Qf6 $16) (31. R1g3 $142 {Hoping for Rh3.} Qf6 32. Rg6 (32. Rxe5 Kf8 $14)) 31... Bf3 $2 (31... Qd7 32. Qh4 (32. Rxe5 Qd1+ 33. Rxd1 Bxh6 $11) 32... Qc7) 32. Qxa6 $2 (32. R1g3) 32... e4 $2 (32... Qd7 33. Rxe5 Rf5 34. Rxf5 Qxf5) 33. Qc8+ (33. Rxb5 Qf6 34. Qc8+ Rf8 35. Qc4+ Rf7 36. Rb8+ Kh7 $11) 33... Qf8 34. Qe6 Kh8 35. R5g3 Rf6 36. Qd7 Bh6 37. Qd5 (37. Qd4 $142 {[%cal Og3g8] Rg8+! would now be deadly.} Kh7 38. Rg8 (38. Qd7+ Qf7 $18)) 37... Qf7 38. Rg8+ Kh7 39. Qd8 $40 {[%emt 0:00:02][%csl Gd8][%cal Rg8h8][%mdl 128] White has strong attack.} (39. Qxb5 Rf5 (39... Qxg8 40. Rxg8 Kxg8 41. b4 $14) 40. Qb6 Bf4 $18) 39... Bf8 40. R8g3 Rh6 41. Qd4 ({White should try} 41. Rg5 $1) 41... Rh5 (41... b4 $142 42. Qe5 Rf6) 42. Rg5 $2 (42. b4 $16) 42... Rh6 $2 (42... Rxg5 $1 $11 {and Black stays safe.} 43. Rxg5 b4) 43. Rxb5 Bg7 {[%emt 0:00:01] Prevents Rbg5} 44. Qe3 (44. Qd2 $142) 44... Qf6 (44... Ra6 $16 {was necessary.}) 45. c3 {[%emt 0:00:02] Black must now prevent Rbg5.} Qf7 46. Ra5 Qxb3 $2 (46... Rc6 $18 47. b4 Rd6) 47. Ra7 $2 (47. Rxg7+ {mates} Kxg7 48. Ra7+ Qf7 49. Rxf7+ Kxf7 50. Qxh6 Ke7 51. c4 Kf7 52. c5) 47... Rg6 $11 48. Rxg6 Kxg6 49. Qd2 {[%emt 0:00:02] Chess con chili.} Qe6 {[%emt 0:00:05] Repels Qd6} 50. Rd7 Be5 {[%emt 0:00:02] Prevents Rd6.} 51. Rd8 e3 {[%emt 0:00:02] [#]} 52. Qd3+ $1 $16 (52. fxe3 Be4+ 53. Kc1 Qa6 $19) 52... Kf7 {[%emt 0:00:02] [#]} 53. fxe3 (53. Qxe3 Qg6+ 54. Ka1 Qa6+ 55. Kb1 Qg6+ 56. Rd3 Bd5 $15) ({White must play} 53. Qh7+ $1 $16 Bg7 54. Qg8+ Kf6 55. Qxe6+ Kxe6 56. Re8+ (56. fxe3 Bh6 $16) 56... Kd7 57. Rxe3) 53... Ke7 $11 {[%emt 0:00:02] The position is equal.} 54. Rd4 Bxd4 55. Qxd4 Be4+ 56. Kc1 Bd5 57. Kd2 Qf5 58. Qf4 Qe6 59. Qg5+ Kd7 60. Qf4 Kc6 61. Qa4+ Kc7 62. Qd4 Kb7 63. Kd3 Qf5+ 64. e4 Qf3+ 65. Qe3 Qd1+ (65... Bxe4+ 66. Kd4 Qxe3+ 67. Kxe3) 66. Qd2 {[%emt 0:00:02] [#]} Bxe4+ $1 67. Ke3 $1 Qf3+ 68. Kd4 Qg4 {[%emt 0:00:03][%cal Oe4d5] ( -> ...Bd5+!)} 69. Ke3 Qg5+ 70. Ke2 {[%emt 0:00:01] [#]} Bf3+ $1 71. Kd3 $1 Be4+ 72. Ke2 $1 Bf3+ 73. Kd3 $1 Qf5+ 74. Ke3 Qe4+ 75. Kf2 Bg4 76. Qe3 Qc6 77. b4 Bd7 78. Qf3 Kb6 79. Qxc6+ Bxc6 80. Ke3 {[%emt 0:00:00] Weighted Error Value: White=0.54/Black=0.40.  Loses game:     	---       	Black=2      Missed win:     	White=1     	---        Mistake:       	White=6     	Black=8      OK:         	White=20    	Black=12     Best:        	White=7     	Black=10     Strong:       	White=5     	---        Brilliant:      	White=2     	---} 1/2-1/2

[Event "CCT Julius Baer-D2 2024"]
[Site "Online"]
[Date "2024.09.27"]
[Round "1.1"]
[White "Vidit, Santosh Gujrathi"]
[Black "spicycaterpillar"]
[Result "1/2-1/2"]
[ECO "B89"]
[WhiteElo "2694"]
[BlackElo "2696"]
[Annotator "ChessBase"]
[PlyCount "159"]
[EventDate "2024.09.25"]
[EventType "swiss"]
[EventCountry "NET"]
[SourceTitle "playchess.com"]
[Source "ChessBase"]
[SourceQuality "1"]
[TimeControl "600+2"]

1. e4 c5 2. Nf3 d6 3. d4 cxd4 4. Nxd4 Nf6 5. Nc3 a6 6. Bc4 e6 7. Be3 b5 8. Bb3 Bb7 9. Qe2 Nc6 10. O-O-O Na5 11. e5 Nxb3+ 12. axb3 Nd5 13. Nxd5 Bxd5 14. Bf4 g6 15. Kb1 Bg7 16. exd6 O-O 17. Be5 f6 18. Bg3 e5 19. Nf5 Bxg2 20. Ne7+ Kf7 21. Rhg1 Bb7 22. h4 Re8 23. h5 Rxe7 24. dxe7 Qxe7 25. hxg6+ hxg6 26. Bh4 g5 27. Qh5+ Kg8 28. Bxg5 fxg5 29. Rxg5 Rf8 30. Rdg1 Rf7 31. Qh6 Bf3 32. Qxa6 e4 33. Qc8+ Qf8 34. Qe6 Kh8 35. R5g3 Rf6 36. Qd7 Bh6 37. Qd5 Qf7 38. Rg8+ Kh7 39. Qd8 Bf8 40. R8g3 Rh6 41. Qd4 Rh5 42. Rg5 Rh6 43. Rxb5 Bg7 44. Qe3 Qf6 45. c3 Qf7 46. Ra5 Qxb3 47. Ra7 Rg6 48. Rxg6 Kxg6 49. Qd2 Qe6 50. Rd7 Be5 51. Rd8 e3 52. Qd3+ Kf7 53. fxe3 Ke7 54. Rd4 Bxd4 55. Qxd4 Be4+ 56. Kc1 Bd5 57. Kd2 Qf5 58. Qf4 Qe6 59. Qg5+ Kd7 60. Qf4 Kc6 61. Qa4+ Kc7 62. Qd4 Kb7 63. Kd3 Qf5+ 64. e4 Qf3+ 65. Qe3 Qd1+ 66. Qd2 Bxe4+ 67. Ke3 Qf3+ 68. Kd4 Qg4 69. Ke3 Qg5+ 70. Ke2 Bf3+ 71. Kd3 Be4+ 72. Ke2 Bf3+ 73. Kd3 Qf5+ 74. Ke3 Qe4+ 75. Kf2 Bg4 76. Qe3 Qc6 77. b4 Bd7 78. Qf3 Kb6 79. Qxc6+ Bxc6 80. Ke3 1/2-1/2

[Event "CCT Julius Baer-D2 2024"]
[Site "Online"]
[Date "2024.09.27"]
[Round "1.1"]
[White "Oparin, Grigoriy"]
[Black "Lazavik, Denis"]
[Result "0-1"]
[ECO "D02"]
[WhiteElo "2683"]
[BlackElo "2752"]
[Annotator "TA"]
[PlyCount "166"]
[EventDate "2024.09.25"]
[EventType "swiss"]
[EventCountry "NET"]
[SourceTitle "playchess.com"]
[Source "ChessBase"]
[SourceQuality "1"]
[TimeControl "600+2"]

1. Nf3 d5 2. g3 Nf6 3. Bg2 e6 4. O-O Be7 5. d4 O-O 6. Bf4 {[%emt 0:00:01] D02: 1 d4 d5 2 Nf3 sidelines, including 2...Nf6 3 g3 and 2...Nf6 3 Bf4.} Nbd7 7. Nc3 a6 8. Ne5 c5 9. dxc5 Nxc5 10. Qd4 $146 ({Predecessor:} 10. Nd3 Bd7 11. Nxc5 Bxc5 12. e4 dxe4 13. Nxe4 Nxe4 14. Bxe4 Bc6 15. Bxc6 bxc6 16. Qxd8 Rfxd8 {½-½ Kokolias,K (2188)-Pountzas,H (2262) Athens Acropolis op 2006 (8)}) 10... Qb6 11. Rab1 Rd8 12. Rfd1 Ncd7 13. Qxb6 Nxb6 14. e4 dxe4 15. Nxe4 Nfd5 16. Bd2 f6 17. Nd3 e5 18. Ba5 Bg4 19. Rdc1 Rdc8 20. Nc3 Nxc3 21. bxc3 Nc4 22. Bb4 Nd2 23. Bxe7 Nxb1 24. Rxb1 Rxc3 25. Bxb7 Re8 26. Bd5+ Kh8 27. f3 Bf5 28. Be4 Bxe4 29. fxe4 Rxc2 30. a3 h6 31. Rb7 Rec8 32. Bb4 Rd8 33. Ne1 Re2 34. Ra7 Rd1 35. Kf1 Rxh2 36. Rxa6 h5 37. a4 Rb1 38. Bc3 Rc2 39. Ba5 Rc4 40. Bd2 Rd4 41. Ke2 Rxe4+ 42. Kf2 Rb2 43. Nf3 g5 44. Rxf6 g4 45. Rh6+ Kg7 46. Rxh5 gxf3 47. Kxf3 Rxa4 48. Be3 Kf6 49. Rh6+ Kf7 50. Rh5 Ke6 51. Rh6+ Kd5 52. g4 Rb3 53. Rh1 Raa3 54. Rd1+ Ke6 55. Re1 Kf6 56. Ke4 Ra4+ 57. Kf3 Ke6 58. Kg3 Kd5 59. Kf3 Rc4 (59... Rf4+ $142 60. Kg2 Rxg4+ 61. Kf2 Rh4 62. Kg3 Rf4 63. Kg2 Rb2+) 60. g5 $19 Ke6 61. Kg2 Rc2+ 62. Kg3 Rcc3 63. Kf2 Kf5 64. Bd2 Rc2 65. Ke2 Rbb2 (65... e4 $142 66. Rc1 Rcb2 67. Rc5+ Ke6 68. Kd1 e3 69. Bc1 Rh2 70. Ke1 Rb1 71. Rc6+ Kd5 72. Rc8 Rxc1+ 73. Rxc1 Rh1+ 74. Ke2 Rxc1 75. Kxe3 Rg1 76. Kf4 Rg2 (76... Ke6 77. Ke4 Rxg5 78. Ke3 Kd5 79. Kf3 Kd4 80. Kf4 Re5 81. Kf3 Re4 82. Kf2 Re3 83. Kf1 Kd3 84. Kf2 Kd2 85. Kf1 Re2 86. Kg1 Ke1 87. Kh1 Kf2 88. Kh2 Re3 89. Kh1 Rh3#) 77. Kf5 Rf2+ 78. Kg4 Ke4 79. Kg3 Rf1 80. Kg2 Rf5 81. g6 Ke3 82. Kh3 Rg5 83. Kh4 Kf4 (83... Rxg6 84. Kh5 Rg1 85. Kh4 Kf3 86. Kh5 Kf4 87. Kh6 Kf5 88. Kh7 Kf6 89. Kh8 Kf7 90. Kh7 Rh1#) 84. g7 Rxg7 85. Kh5 Rg1 86. Kh6 Kf5 87. Kh7 Kf6 88. Kh8 Kf7 89. Kh7 Rh1#) 66. Rd1 Rb3 $2 (66... Rc3 {mates} 67. Rb1 Rxb1 68. Bxc3 Rb3 (68... Kxg5 69. Bxe5 $11) 69. Bd2 Rh3 70. Kf2 Rh2+ 71. Ke3 Kxg5 72. Be1 Kf5 73. Bb4 Rh3+ 74. Kd2 Ke4 75. Ba5 Kf3 76. Kd3 e4+ 77. Kd4 e3 78. Be1 e2 79. Ke5 Ke3 (79... Rh1 {gets mated.} 80. Bb4 e1=Q+ 81. Bxe1 Rxe1+ 82. Kd5 Rd1+ 83. Kc4 Ke3 84. Kc5 Ke4 85. Kc6 Rd5 86. Kc7 Ke5 87. Kc6 Ke6 88. Kc7 Rd6 89. Kc8 Rc6+ 90. Kb8 Kd7 91. Kb7 Rg6 92. Kb8 Kc6 93. Ka7 Rg8 94. Ka6 Ra8#) 80. Bb4 Rh4 (80... Rh5+ {is a self mate.} 81. Ke6 Rh1 82. Bc5+ Kd3 83. Bb4 Rd1 84. Kf6 Rd2 85. Bxd2 Kxd2 86. Kg7 e1=Q 87. Kf8 Qe6 88. Kg7 Ke3 89. Kf8 Kf4 90. Kg7 Qe7+ 91. Kh8 Kf5 92. Kg8 Kg6 93. Kh8 Qh7#) 81. Bc3 Rc4 82. Be1 Rc1 83. Bg3 Kf3 (83... e1=B 84. Bf4+ Kf3 85. Bxc1 $11) 84. Bh4 Rh1 (84... e1=B 85. Be7 $19) 85. Bf6 e1=Q+ (85... e1=B 86. Kd5 $19) 86. Kd5 Rh7 (86... Rh5+ 87. Kd6 Rh6 88. Kd5 Rxf6 89. Kc4 Qe4+ 90. Kb5 Rc6 91. Ka5 Qb1 92. Ka4 Ra6#) 87. Bg5 Qa5+ 88. Kd6 Qc7+ (88... Qxg5 89. Kc6 Rh6+ 90. Kd7 Qg7+ 91. Ke8 Rh8#) 89. Kd5 Rd7+ (89... Qa5+ 90. Kd4 Rd7+ 91. Kc4 Rc7+ 92. Kd4 Qxg5 93. Kd3 Qe3#) 90. Ke6 Rd6+ 91. Kf5 Qc5#) 67. Rf1+ $2 (67. Re1 $11 Rcb2 68. Rf1+ Ke4 69. Rh1) 67... Ke4 68. Rg1 Rbb2 69. Rd1 Kf5 70. Rf1+ Kg6 71. Rd1 (71. Rf6+ $19 Kh5 72. Rd6) 71... Rc4 (71... Rc8 $142 72. Kd3 Rd8+ 73. Ke2 Rd4 74. Ke1 Rh4 75. Ke2 Rh3 76. Rc1 Rh2+ 77. Kf3 Rhxd2 (77... Rbxd2 $2 78. Rc8 $19) 78. Rc8 Rb3+ (78... Kxg5 $2 79. Rg8+ Kf6 80. Ke3 $19) 79. Ke4 Re2+ (79... Kxg5 $2 80. Rf8 $19) 80. Kd5 Rd3+ (80... Kxg5 $2 81. Rg8+ Kf4 82. Rf8+ Kg3 83. Rg8+ Kf2 84. Rf8+ Rf3 85. Rh8 $19) 81. Ke6 Kxg5 82. Rf8 Kg4 83. Rf7 Kg3 84. Rg7+ Kf2 85. Rf7+ Rf3 86. Rh7 e4 87. Kd5 e3 88. Rh2+ Kf1 89. Rh6 Rd2+ 90. Ke4 Kg2 91. Rg6+ Kf2 92. Rh6 e2 93. Rh2+ Kg3 94. Rxe2 Rxe2+ 95. Kd4 Kf4 96. Kc5 Rc3+ 97. Kb4 Rec2 98. Ka5 Rb3 99. Ka4 Rcb2 100. Ka5 Ra3#) 72. Ke3 Rd4 73. Ke2 Ra2 74. Ke1 Re4+ 75. Kf2 Rh4 76. Ke3 Rd4 77. Ke2 Kf5 78. Rf1+ Ke4 79. Rd1 Rd3 80. Ke1 Kf3 81. Bc1 Rxd1+ 82. Kxd1 Rg2 83. Bd2 e4 0-1

[Event "CCT Julius Baer-D2 2024"]
[Site "Online"]
[Date "2024.09.27"]
[Round "1.1"]
[White "Bortnyk, Oleksandr"]
[Black "Daneshvar, Bardiya"]
[Result "0-1"]
[ECO "B50"]
[WhiteElo "2679"]
[BlackElo "2661"]
[Annotator "ChessBase"]
[PlyCount "134"]
[EventDate "2024.09.25"]
[EventType "swiss"]
[EventCountry "NET"]
[SourceTitle "playchess.com"]
[Source "ChessBase"]
[SourceQuality "1"]
[TimeControl "600+2"]

1. e4 c5 2. Nf3 d6 3. Bc4 Nf6 4. d3 g6 5. e5 dxe5 6. Nxe5 e6 7. Qf3 Bd6 8. Bb5+ Kf8 9. Bh6+ Kg8 10. Nc4 Bf8 11. Bg5 Kg7 12. Nc3 h6 13. Bf4 Nd5 14. Nxd5 exd5 15. Ne3 Be6 16. O-O Nc6 17. Bxc6 bxc6 18. Be5+ f6 19. Bg3 h5 20. h3 Qd7 21. Rfe1 Re8 22. c4 d4 23. Nf1 h4 24. Bh2 Bd6 25. Re2 Bxh2+ 26. Nxh2 Bf5 27. Rae1 Rxe2 28. Qxe2 Kf7 29. Qd2 Re8 30. Nf3 Rxe1+ 31. Nxe1 g5 32. Kf1 Qc7 33. Qe2 a5 34. Qh5+ Kg7 35. Qe8 Bg6 36. Qe6 Bf7 37. Qf5 Qd6 38. Qg4 Kh6 39. f4 Qxf4+ 40. Qxf4 gxf4 41. Nf3 Bh5 42. Kf2 Bg6 43. Ke2 Kh5 44. Kd2 Bf5 45. Kc2 Bg6 46. Kd2 Bf5 47. Ke2 Bg6 48. Nd2 Kg5 49. Nb3 f3+ 50. Kxf3 Bxd3 51. Nxa5 Kf5 52. b3 Be4+ 53. Kf2 d3 54. Nb7 Bxg2 55. a4 d2 56. Ke2 Bxh3 57. a5 Bg4+ 58. Kxd2 h3 59. Nd6+ Kf4 60. a6 h2 61. a7 h1=Q 62. a8=Q Qd1+ 63. Kc3 Qxd6 64. Qh8 Qd4+ 65. Kc2 Bf5+ 66. Kc1 Qc3+ 67. Kd1 Bg4# 0-1

[Event "CCT Julius Baer-D2 2024"]
[Site "Online"]
[Date "2024.09.27"]
[Round "1.1"]
[White "Bok, Benjamin"]
[Black "Macho_"]
[Result "1-0"]
[ECO "A13"]
[WhiteElo "2676"]
[BlackElo "2586"]
[Annotator "ChessBase"]
[PlyCount "81"]
[EventDate "2024.09.25"]
[EventType "swiss"]
[EventCountry "NET"]
[SourceTitle "playchess.com"]
[Source "ChessBase"]
[SourceQuality "1"]
[TimeControl "600+2"]

1. c4 e6 2. Nf3 Nf6 3. b3 d5 4. Bb2 Bd6 5. g3 c5 6. cxd5 exd5 7. Bg2 O-O 8. O-O d4 9. e3 Nc6 10. Na3 Bg4 11. h3 Bh5 12. Re1 a6 13. Nc4 b5 14. Nxd6 Qxd6 15. exd4 cxd4 16. g4 Bg6 17. Nh4 Rac8 18. Nxg6 hxg6 19. Qf3 Nb4 20. Ba3 Rc2 21. d3 a5 22. Re2 Rxe2 23. Qxe2 Re8 24. Qd2 Nd7 25. Re1 Rxe1+ 26. Qxe1 Ne5 27. Qe4 g5 28. Qa8+ Qf8 29. Qxa5 Nexd3 30. Bf1 Nc6 31. Bxf8 Nxa5 32. Bxd3 Kxf8 33. Bxb5 Ke7 34. Kf1 Kd6 35. b4 Nb7 36. Ke2 Kd5 37. Kd3 Nd6 38. a4 Ke5 39. Bc6 Nc8 40. a5 Ne7 41. b5 1-0

[Event "CCT Julius Baer-D2 2024"]
[Site "Online"]
[Date "2024.09.27"]
[Round "1.1"]
[White "Anton Guijarro, David"]
[Black "Durarbayli, Vasif"]
[Result "1-0"]
[ECO "B53"]
[WhiteElo "2654"]
[BlackElo "2662"]
[Annotator "ChessBase"]
[PlyCount "135"]
[EventDate "2024.09.25"]
[EventType "swiss"]
[EventCountry "NET"]
[SourceTitle "playchess.com"]
[Source "ChessBase"]
[SourceQuality "1"]
[TimeControl "600+2"]

1. e4 c5 2. Nf3 d6 3. d4 cxd4 4. Qxd4 Nf6 5. Bg5 Nc6 6. Bb5 Qa5+ 7. Nc3 Qxb5 8. Nxb5 Nxd4 9. Nfxd4 Nxe4 10. Nc7+ Kd8 11. Nxa8 Nxg5 12. Nb5 a6 13. Nc3 b5 14. h4 Ne6 15. a4 b4 16. Nd5 Bb7 17. Nab6 Nd4 18. O-O-O Nc6 19. Rh3 e6 20. Rf3 Ne5 21. Rb3 a5 22. Ne3 Kc7 23. Nbc4 Nc6 24. Rbd3 d5 25. Nxd5+ exd5 26. Rxd5 Bc8 27. Nxa5 Be7 28. g3 Bg4 29. R1d2 Ra8 30. Nxc6 Kxc6 31. b3 Be6 32. R5d4 Kc5 33. Re4 Bf6 34. Kd1 Bc3 35. Rd3 Bd5 36. Re7 Kc6 37. Ke2 Bf6 38. Ree3 Rb8 39. f3 Be6 40. Re4 Bd5 41. Ree3 h5 42. Kf1 Be6 43. Re4 Bd5 44. Ree3 Ra8 45. Kg2 Ra5 46. Kf2 Rc5 47. Re2 Be6 48. Rdd2 Bf5 49. Kf1 Kc7 50. Kf2 Rc3 51. Kg2 Rc5 52. Kf2 g6 53. Kg2 Bc3 54. Rd1 Be5 55. Rdd2 Bc3 56. Rd1 Be6 57. Rd3 Bf6 58. Kf2 Bf5 59. Rdd2 Kc6 60. Kg2 Bc3 61. Rd8 Bg7 62. Rdd2 Bh6 63. Rd4 Bxc2 64. Rxb4 Bd3 65. Ra2 Be3 66. a5 Rc1 67. a6 Ba7 68. Rb7 1-0

[Event "CCT Julius Baer-D2 2024"]
[Site "Online"]
[Date "2024.09.27"]
[Round "1.2"]
[White "Lazavik, Denis"]
[Black "Oparin, Grigoriy"]
[Result "1-0"]
[ECO "D35"]
[WhiteElo "2758"]
[BlackElo "2677"]
[Annotator "TA"]
[PlyCount "111"]
[EventDate "2024.09.25"]
[EventType "swiss"]
[EventCountry "NET"]
[SourceTitle "playchess.com"]
[Source "ChessBase"]
[SourceQuality "1"]
[TimeControl "600+2"]

1. d4 Nf6 2. c4 e6 3. Nf3 d5 4. Nc3 Nbd7 5. cxd5 exd5 6. Bf4 Bb4 7. e3 Ne4 {[%emt 0:00:02] D35: Queen's Gambit Declined: Exchange Variation.} 8. Qc2 g5 9. Be5 Rg8 10. Rd1 $1 $146 {[%emt 0:00:10][%mdl 8] An important novelty.} ({Predecessor:} 10. h3 Nxe5 11. Nxe5 Qe7 12. Bb5+ Kf8 13. Bd3 f6 14. Nf3 Bf5 15. Nd2 Bxc3 16. bxc3 Re8 17. Nxe4 Bxe4 18. Bxe4 Qxe4 19. Qxe4 Rxe4 20. Ke2 Rg7 {½-½ Gustafsson,J (2620)-Warmerdam,M (2636) Bundesliga 2324 2023 (2.4)}) 10... g4 11. Nd2 Nxd2 12. Qxh7 Rf8 13. Rxd2 Nxe5 14. dxe5 c6 15. Be2 Qg5 16. Rd4 Ba5 17. Qc2 Be6 18. Qa4 Bxc3+ 19. bxc3 Qxe5 20. O-O b5 21. Qa6 Qc7 22. Bxg4 Qb6 (22... Qc8 $16 23. Qxc8+ Rxc8) 23. Qa3 $18 c5 24. Rf4 a5 25. Qb2 Rb8 26. a3 Ke7 27. Bf3 Qd6 28. h4 Qe5 29. Qd2 Rb6 30. Rd1 Rd8 31. g3 Rbd6 32. Qd3 Rb6 33. Rb1 Rdb8 34. Qd2 Rd8 35. Bg2 Rdb8 36. Rd1 ({White should play} 36. Kh2 $18) 36... Rd8 (36... b4 $16 37. cxb4 (37. Bxd5 $2 bxc3 38. Qd3 Qxd5 $19) 37... axb4) 37. Bf3 Rbd6 38. h5 Rh8 (38... Kf8 $142 39. Kg2 Kg8) 39. Qd3 $18 Rb8 40. h6 b4 41. axb4 axb4 42. cxb4 cxb4 43. Qb3 d4 $2 (43... Qc3 44. Qa2 Rh8) 44. Qb2 $18 Qc5 45. exd4 Qc3 46. Qxc3 $2 (46. Qe2 b3 47. Qe5) 46... bxc3 $18 47. Rc1 Rc8 48. h7 Rdd8 $2 (48... Rh8 49. Rh4 (49. Rxc3 Rxh7 50. Rc7+ Kf8 $16) 49... Bf5) 49. d5 $18 Bd7 50. d6+ Kxd6 51. Rxf7 Be6 52. Rf6 Rc4 (52... Ke7 $18) 53. Rd1+ Ke7 54. Rxd8 c2 55. h8=Q ({Weaker is} 55. h8=B Kxd8 56. Rxe6 (56. Rf8+ $2 Ke7 $19) 56... c1=Q+ 57. Kg2 Qb1 $14) 55... c1=Q+ 56. Rd1 1-0

[Event "CCT Julius Baer-D2 2024"]
[Site "Online"]
[Date "2024.09.27"]
[Round "1.2"]
[White "Robson, Ray"]
[Black "Vidit, Santosh Gujrathi"]
[Result "1-0"]
[ECO "A34"]
[WhiteElo "2700"]
[BlackElo "2720"]
[Annotator "TA"]
[PlyCount "87"]
[EventDate "2024.09.25"]
[EventType "swiss"]
[EventCountry "NET"]
[SourceTitle "playchess.com"]
[Source "ChessBase"]
[SourceQuality "1"]
[TimeControl "600+2"]

1. Nf3 Nf6 2. c4 c5 3. Nc3 Nc6 4. g3 d5 5. cxd5 Nxd5 6. Bg2 Nc7 7. a3 g6 8. h4 Bg4 9. Qb3 Bg7 10. Qxb7 {[%emt 0:00:22] The position is equal.} Bd7 11. Qb3 Rb8 12. Qd1 Be6 {[%emt 0:00:16] aiming for ...Bb3.} 13. d3 Bb3 14. Qd2 O-O 15. h5 Ne6 16. hxg6 (16. Kf1 {feels hotter.} c4 17. Ng5 Ncd4 18. hxg6 hxg6 19. Nxe6 Nxe6 20. Bd5) 16... hxg6 17. O-O (17. Ng5 {looks sharper.} Ncd4 18. Kf1 c4 19. Nxe6 Nxe6 20. Bd5) 17... Ncd4 18. Nxd4 Nxd4 19. e3 Ne6 20. a4 Qd7 {[%emt 0:00:21][%mdl 1024] Black has compensation.} 21. Ra3 Rfd8 22. Nb5 Bd5 {[%emt 0:00:04] And now ...Bxg2 would win.} (22... Qxd3 23. Qxd3 Rxd3 24. Be4 $16 (24. Nxa7 Bc4 $14)) 23. e4 Bc6 24. Qa5 (24. Nc3 $15) 24... Rb7 (24... a6 $17 25. Nc3 (25. Qxa6 $2 Ra8 $19) 25... Qb7 (25... Qxd3 $2 26. Nd5 $18)) 25. Be3 (25. Bh3 $11) 25... Bxb2 $17 26. Rb3 Bg7 27. Rc1 ({White should try} 27. Bh3 $15) 27... Ra8 (27... a6 $1 $17 28. Rcb1 (28. Qxa6 $2 Nc7 $19) 28... Qe8 (28... axb5 29. axb5 Rxb5 30. Rxb5 $15)) 28. Bxc5 a6 $1 29. Bb6 (29. d4 $15) 29... Rab8 $36 {[%emt 0:00:13][%mdl 2048] White is under strong pressure.} 30. Na3 {[%emt 0:00:14] [#]} (30. Ba7 $17 axb5 (30... Rxa7 31. Nxa7 Rxb3 32. Nxc6 $15) 31. Bxb8 Rxb8 32. axb5) 30... Nd4 $1 $19 (30... Bxa4 31. Rbb1 $19) 31. Bxd4 {[%emt 0:00:02] Strongly threatening Rxb7.} Rxb3 32. Bxg7 Kxg7 33. Nc4 {[%emt 0:00:06] Hoping for Ne5.} Rb1 (33... Rxd3 $2 34. Qe5+ (34. Qxa6 $2 Rd1+ 35. Rxd1 Qxd1+ 36. Bf1 Bxe4 $19) 34... f6 35. Qxb8 $18) (33... Qxd3 34. Ne5 (34. Qxa6 $2 Rb1 $19) 34... Qd8 35. Qxd8 (35. Nxc6 Qxa5 36. Nxa5 Rb1 $11) 35... Rxd8 36. Nxc6 $16 (36. Rxc6 Rb1+ 37. Kh2 Rb2 $14)) 34. Rf1 Qxd3 (34... Bxa4 35. Ne3 $19) 35. Ne5 (35. Qe5+ $142 Kg8 36. Ne3) 35... Qc2 36. Qc7 (36. Nxc6 $142 Qxc6 37. Qd2) 36... Bxe4 37. Qxe7 {[%emt 0:00:02] [#]} Rxf1+ $2 (37... Qxa4 38. Qxf7+ Kh8 39. Qf6+ (39. Nxg6+ Bxg6 40. Qxg6 Qb5 $14) 39... Kh7 40. Bxe4 Rxf1+ 41. Kxf1 Qxe4 42. Qe7+ Kg8 43. Qf7+ Kh8 44. Nxg6+ $18) ({Better is} 37... Bd5 $1 $19 38. Ng4 (38. Bxd5 $2 Rxf1+ 39. Kxf1 Qd1+ 40. Kg2 Qxd5+ 41. Nf3 Rb3 $19) 38... Qf5 (38... Qxa4 39. Qe5+ Kf8 40. Qd6+ Kg7 41. Qe5+ Kf8 42. Qd6+ Kg7 43. Qe5+ $11)) 38. Bxf1 $11 Bd5 (38... Qxa4 $2 {is the wrong capture.} 39. Qxf7+ (39. Nxf7 $2 Rb7 $19) 39... Kh8 40. Nd7 $18 (40. Nxg6+ Bxg6 41. Qxg6 Rf8 $11)) (38... Rf8 $11 39. Nd7 Ra8 (39... Rc8 40. Qe5+ Kh6 41. Qf4+ Kg7 42. Qf6+ Kg8 43. Qd4 $11)) 39. Nd7 $14 {[%emt 0:00:03] Dancing on a razor blade.} Rb1 $2 (39... Qb2 $14 40. Qd6 Rc8 41. Qxd5 Rc2) 40. Qe5+ $2 (40. Qf8+ {mates} Kh7 41. Nf6#) 40... Kg8 $18 41. Nf6+ (41. Qxd5 Qxa4 42. Ne5 Qb3 43. Qxb3 Rxb3 44. Bxa6 Rb4 $16) 41... Kf8 {[%emt 0:00:01][%cal Ob1f1] ...Rxf1+! would now be deadly.} 42. Nd7+ $2 (42. Qxd5 Qe2 43. Qg2 Rc1 $14) (42. Nxd5 $18 Kg8 43. Nf6+ Kg7 44. Nh5+ Kf8 45. Qh8+ Ke7 46. Qf6+ Kd7 47. Qxf7+ Kc8 48. Qe6+ Kb8 49. Qd6+ Qc7 50. Qxg6 Rxf1+ 51. Kxf1 Qc4+ 52. Kg2) 42... Kg8 $11 {[%emt 0:00:01][%cal Ob1f1] ( -> ...Rxf1+!)} 43. Nf6+ $2 (43. Qxd5 $11 Qxa4 44. Kg2) 43... Kf8 $18 {[%emt 0:00:01][%cal Ob1f1] ...Rxf1+! is the strong threat.} 44. Nxd5 {[%emt 0:00:00] Weighted Error Value: White=0.58/Black=0.41.  Loses game:     	---       	Black=1      Missed win:     	White=1     	Black=1      Mistake:       	White=9     	Black=3      Inaccurate:     	White=3     	Black=1      OK:         	White=9     	Black=15     Best:        	White=4     	Black=2      Strong:       	---       	Black=2} (44. Qxd5 Qe2 45. Qg2 Qc4 $16) 1-0

[Event "CCT Julius Baer-D2 2024"]
[Site "Online"]
[Date "2024.09.27"]
[Round "1.2"]
[White "spicycaterpillar"]
[Black "Vidit, Santosh Gujrathi"]
[Result "1-0"]
[ECO "A34"]
[WhiteElo "2696"]
[BlackElo "2694"]
[Annotator "ChessBase"]
[PlyCount "87"]
[EventDate "2024.09.25"]
[EventType "swiss"]
[EventCountry "NET"]
[SourceTitle "playchess.com"]
[Source "ChessBase"]
[SourceQuality "1"]
[TimeControl "600+2"]

1. Nf3 Nf6 2. c4 c5 3. Nc3 Nc6 4. g3 d5 5. cxd5 Nxd5 6. Bg2 Nc7 7. a3 g6 8. h4 Bg4 9. Qb3 Bg7 10. Qxb7 Bd7 11. Qb3 Rb8 12. Qd1 Be6 13. d3 Bb3 14. Qd2 O-O 15. h5 Ne6 16. hxg6 hxg6 17. O-O Ncd4 18. Nxd4 Nxd4 19. e3 Ne6 20. a4 Qd7 21. Ra3 Rfd8 22. Nb5 Bd5 23. e4 Bc6 24. Qa5 Rb7 25. Be3 Bxb2 26. Rb3 Bg7 27. Rc1 Ra8 28. Bxc5 a6 29. Bb6 Rab8 30. Na3 Nd4 31. Bxd4 Rxb3 32. Bxg7 Kxg7 33. Nc4 Rb1 34. Rf1 Qxd3 35. Ne5 Qc2 36. Qc7 Bxe4 37. Qxe7 Rxf1+ 38. Bxf1 Bd5 39. Nd7 Rb1 40. Qe5+ Kg8 41. Nf6+ Kf8 42. Nd7+ Kg8 43. Nf6+ Kf8 44. Nxd5 1-0